 Dungeon Crawl Stone Soup version 0.27.1-1-g398f81649c (webtiles) character file.

Game seed: 17487114828855098872

294 Descartes the Sneak (level 6, 0/28 HPs)
             Began as a Spriggan Earth Elementalist on Sept 7, 2021.
             Was an Initiate of Dithmenos.
             Slain by an iguana (11 damage)
             ... on level 4 of the Dungeon.
             The game lasted 00:09:14 (4199 turns).

Descartes the Sneak (Spriggan Earth Elementalist)   Turns: 4199, Time: 00:09:15

Health: 0/28       AC:  2    Str:  6    XL:     6   Next: 11%
Magic:  19/22      EV: 18    Int: 17    God:    Dithmenos [......]
Gold:   129        SH:  0    Dex: 15    Spells: 6/14 levels left

rFire    . . .     SeeInvis +   a - +0 hunting sling
rCold    . . .     Faith    .   (shield restricted)
rNeg     . . .     Spirit   .   e - +0 robe
rPois    .         Reflect  .   (helmet restricted)
rElec    .         Harm     .   (no cloak)
rCorr    .         Rampage  .   (gloves unavailable)
Will     +....                  (boots unavailable)
Stlth    +++.......             (no amulet)
HPRegen  0.09/turn              p - ring of magical power
MPRegen  0.18/turn              (no ring)

@: very slightly contaminated, very quick
A: very small, no large weapons, unfitting armour, see invisible, speed 3
a: Renounce Religion


You were on level 4 of the Dungeon.
You worshipped Dithmenos.
Dithmenos was noncommittal.
You visited 1 branch of the dungeon, and saw 4 of its levels.

You collected 129 gold pieces.

Inventory:

Hand Weapons
 a - a +0 hunting sling (weapon)
 b - a +3 dagger
Missiles
 c - 28 stones
 j - 17 sling bullets (quivered ammo)
 l - 35 arrows
Armour
 e - a +0 robe (worn)
Magical Staves
 m - a staff of death
Jewellery
 p - a ring of magical power (left hand)
Scrolls
 d - a scroll of noise {unknown}
 f - a scroll of vulnerability {unknown}
 g - a scroll of amnesia {unknown}
 h - 2 scrolls of enchant weapon {unknown}
 i - 2 scrolls of teleportation {unknown}
 n - a scroll of magic mapping {unknown}
 q - a scroll of identify {unknown}
Potions
 k - 2 potions of curing {unknown}
 o - 2 potions of flight {unknown}
 r - a potion of mutation {unknown}


   Skills:
 + Level 2.2 Slings
 + Level 4.0 Dodging
 + Level 4.6 Stealth
 + Level 4.5 Spellcasting
 - Level 3.0 Transmutations
 + Level 3.8 Earth Magic


You had 6 spell levels left.
You knew the following spells:

 Your Spells              Type           Power      Damage    Failure   Level
a - Sandblast             Erth           32%        2d9       3%          1
b - Petrify               Tmut/Erth      15%        N/A       36%         4
c - Stone Arrow           Conj/Erth      20%        3d8       21%         3

Your spell library contained the following spells:

 Spells                   Type           Power      Damage    Failure   Level
 Passwall                 Tmut/Erth      12%        N/A       5%          2
 Ensorcelled Hibernation  Hex/Ice        6%         N/A       22%         2
 Spider Form              Tmut/Pois      4%         N/A       24%         3
 Ice Form                 Ice/Tmut       8%         N/A       63%         4
 Hailstorm                Conj/Ice       3%         3d3       83%         4
 Shadow Creatures         Summ           N/A        N/A       100%        6
 Simulacrum               Ice/Necr       1%         N/A       100%        6


Dungeon Overview and Level Annotations

Branches:
Dungeon (4/15)
 Temple: D:4-7

Altars:
Dithmenos
Hepliaklqana

Shops:
D:3 [

Annotations:
D:3 Grinder


Innate Abilities, Weirdness & Mutations

You are very small and have problems with some larger weapons.
You are too small for most types of armour.
You have supernaturally acute eyesight. (SInv)
You cover ground extremely quickly. (Speed+++)


Message History

The iguana hisses angrily.
The sling bullet hits the iguana.
The iguana is heavily wounded.
You shoot a sling bullet.
The sling bullet closely misses the iguana.
Casting: Sandblast (safe; 3% risk of failure)
Confirm with . or Enter, or press ? or * to list all spells.
Aiming: Sandblast (safe; 3% risk of failure)
Press: ? - help, Shift-Dir - straight line, f/p - iguana
Aim: an iguana (heavily wounded, 82% to hit)
The blast of sand hits the iguana.
The iguana is severely wounded.
c - 30 stones
Casting: Sandblast (safe; 3% risk of failure)
Confirm with . or Enter, or press ? or * to list all spells.
Aiming: Sandblast (safe; 3% risk of failure)
Press: ? - help, Shift-Dir - straight line, f/p - iguana
Aim: an iguana (severely wounded, 82% to hit)
The blast of sand hits the iguana but does no damage.
The iguana is severely wounded.
c - 29 stones
Casting: Sandblast (safe; 3% risk of failure)
Confirm with . or Enter, or press ? or * to list all spells.
Aiming: Sandblast (safe; 3% risk of failure)
Press: ? - help, Shift-Dir - straight line, f/p - iguana
Aim: an iguana (severely wounded, 82% to hit)
You miscast Sandblast.
You are very lightly contaminated with residual magic.
Nothing appears to happen.
The iguana bites you!
Casting: Sandblast (safe; 3% risk of failure)
Confirm with . or Enter, or press ? or * to list all spells.
Aiming: Sandblast (safe; 3% risk of failure)
Press: ? - help, Shift-Dir - straight line, f/p - iguana
Aim: an iguana (severely wounded, 82% to hit)
The blast of sand hits the iguana but does no damage.
The iguana is severely wounded.
c - 28 stones The iguana bites you!
The iguana bites you!
You die...

#... ###.?#
# .#...# ##.
....### ....
#.....#
.....#.....#
#........#
#@l..#
#.........
##.....(..
.........
........(
#=#.......
.. .......
.. .#.....


You could see an iguana.

Vanquished Creatures
  A black bear (D:3)
  A scorpion (D:3)
  An iguana (D:3)
  3 adders
  A gnoll (D:3)
  A howler monkey skeleton (D:3)
  4 worms
  A dart slug (D:1)
  7 ball pythons
  5 endoplasms
  3 giant cockroaches
  6 goblins
  2 hobgoblins (D:2)
  2 jackals (D:2)
  5 kobolds
  6 quokkas
  12 bats
  2 frilled lizards
  5 rats
68 creatures vanquished.

Notes
Turn   | Place    | Note
-------+----------+-------------------------------------------
     0 | D:1      | Descartes the Spriggan Earth Elementalist began the quest
                  | for the Orb.
     0 | D:1      | Reached XP level 1. HP: 9/9 MP: 5/5
   557 | D:1      | Reached XP level 2. HP: 13/13 MP: 4/6
  1436 | D:2      | Reached XP level 3. HP: 16/16 MP: 7/9
  2301 | D:2      | Reached XP level 4. HP: 21/21 MP: 7/10
  3184 | D:3      | Reached skill level 1 in Slings
  3295 | D:3      | Noticed a black bear
  3306 | D:3      | Killed a black bear
  3307 | D:3      | Reached XP level 5. HP: 24/24 MP: 8/12
  3313 | D:3      | Learned a level 4 spell: Petrify
  3317 | D:3      | Learned a level 3 spell: Stone Arrow
  3382 | D:3      | Found a shadowy altar of Dithmenos.
  3383 | D:3      | Noticed a shadow
  3385 | D:3      | Found a hazy altar of Hepliaklqana.
  3390 | D:3      | Became a worshipper of Dithmenos the Shadowed
  3397 | D:3      | Noticed Grinder
  3819 | D:3      | Reached XP level 6. HP: 22/28 MP: 13/13
  4048 | D:3      | Found Plog's Armour Boutique.
  4199 | D:4      | Slain by an iguana

Illustrated notes

Levels and vault maps discovered:
D:1:      dpeg_arrival_three_smaller_balls, layout_loops_corners,
          chequers_serial_rivers_micro_d
D:2:      layout_basic
D:3:      layout_loops_ring, riverfiend_overflow_shadow_ancestor, serial_shops,
          nicolae_shop_trees, chequers_avenue, uniq_grinder
D:4:      layout_cave_pools, mainiacjoe_overflow_alcove_4

Skill      XL: |  1  2  3  4  5  6 |
---------------+-------------------+-----
Dodging        | 3 4 |  4.0
Spellcasting   | 3 4 |  4.5
Earth Magic    | 3 |  3.8
Slings         | 1 2 |  2.2
Stealth        | 4 |  4.6
Transmutations | 2 3 |  3.0

Action                   |  1- 3 |  4- 6 || total
-------------------------+-------+-------++-------
Melee: Staff             |     1 |       ||     1
       Dagger            |       |     2 ||     2
 Fire: Hunting sling     |    32 |    65 ||    97
 Cast: Sandblast         |    49 |    37 ||    86
Dodge: Dodged            |    11 |     9 ||    20
